 Dungeon Crawl Stone Soup version 0.20-a0-556-g892c87b (webtiles) character file.

25 Alarkh the Grave Robber (level 2, -4/19 HPs)
             Began as a Mummy Necromancer on Feb 5, 2017.
             Killed from afar by a dart slug (6 damage)
             ... with a slug dart
             ... on level 1 of the Dungeon.
             The game lasted 00:02:03 (614 turns).

Alarkh the Grave Robber (Mummy Necromancer)          Turns: 614, Time: 00:02:04

Health: -4/19      AC:  2    Str: 11    XL:     2   Next: 82%
Magic:  0/5        EV: 12    Int: 14    God:
Gold:   67         SH:  0    Dex: 12    Spells: 5/6 levels left

rFire    x . .     SeeInvis .   (no weapon)
rCold    + . .     Gourm    .   a - +0 robe
rNeg     + + +     Faith    .   (no shield)
rPois    ∞         Spirit   .   (no helmet)
rElec    .         Reflect  .   (no cloak)
rCorr    .         Harm     .   (no gloves)
MR       .....                  (no boots)
Stlth    ++........             (no amulet)
Regen    0.1/turn               (no ring)
                                (no ring)

@: no status effects
A: no food or potions, fire vulnerability, cold resistance 1, negative energy
resistance 3, torment resistance, unbreathing
a: no special abilities


You were on level 1 of the Dungeon.
You were not hungry.

You visited 1 branch of the dungeon, and saw 1 of its levels.

You collected 67 gold pieces.

Inventory:

Armour
 a - a +0 robe (worn)
Scrolls
 c - a scroll of magic mapping
 d - 4 scrolls of remove curse
 e - a scroll of blinking {unknown}
 f - a scroll of fog {unknown}
Books
 b - a book of Necromancy

   Spells                             Type                      Level
   a - Pain                           Necromancy                   1
   b - Animate Skeleton               Necromancy                   1
   c - Vampiric Draining              Necromancy                   3
   d - Regeneration                   Charms/Necromancy            3
   e - Animate Dead                   Necromancy                   4
   f - Control Undead                 Necromancy                   4


   Skills:
 + Level 0.2 Fighting
 + Level 1.7 Dodging
 + Level 1.9 Stealth
 + Level 2.8 Spellcasting
 + Level 4.5 Necromancy


You had 5 spell levels left.
You knew the following spells:

 Your Spells              Type           Power        Failure   Level  Hunger
a - Pain                  Necr           ##..         3%          1    N/A

Dungeon Overview and Level Annotations

Branches:
Dungeon (1/15)

Altars:


Innate Abilities, Weirdness & Mutations

You do not eat or drink.
Your flesh is vulnerable to fire.
You are immune to poison.
Your flesh is cold resistant. (rC+)
You are immune to negative energy. (rN+++)
You are immune to unholy pain and torment.
You can survive without breathing.


Message History

* * * LOW HITPOINT WARNING * * *
You hit the dart slug.
The dart slug is almost dead.
The dart slug bites you.
* * * LOW HITPOINT WARNING * * *
You hit the dart slug.
The dart slug is almost dead.
You hit the dart slug but do no damage.
The dart slug is almost dead.
The dart slug bites you but does no damage.
A hobgoblin comes into view.
The hobgoblin shouts!
You hit the dart slug but do no damage.
The dart slug is almost dead.
The dart slug closely misses you.
You hit the dart slug but do no damage.
The dart slug is almost dead.
The dart slug launches a dart at you. The slug dart hits you!
You die...

*,.##................##.,*
**,,,#.......w....##..#*,*,
**,,,,,,*(....#.#..##..##.#.
*,,,,,,,,.....#.#..##..##.#.
**,,,,,**##.#>#.............
**,,,** #.#.###......##...
*,,** #...###.###!.##..#
*,,* ####w...g.......##..#
*,,**#..)@........#†###...
*,.....#####..............
**...,,* ##..............
*.,**,* #.#†.(..##.####.
*,,**,* ##.##.#.##.# #.
*,,*#.#####.##.#.##.## #.
*,,*#.......#..#.#...# #.
*..######.###.##.#.#.###.
*..................#...#.


You could see a dart slug and a hobgoblin.

Vanquished Creatures
  A leopard gecko (D:1)
  4 bats (D:1)
  2 giant cockroaches (D:1)
  4 hobgoblins (D:1)
  4 frilled lizards (D:1)
  3 goblins (D:1)
  2 kobolds (D:1)
  3 rats (D:1)
23 creatures vanquished.

Notes
Turn   | Place    | Note
-------+----------+-------------------------------------------
     0 | D:1      | Alarkh the Mummy Necromancer began the quest for the Orb.
     0 | D:1      | Reached XP level 1. HP: 13/13 MP: 4/4
     2 | D:1      | Noticed a formicid
     2 | D:1      | Noticed a centaur
     4 | D:1      | Noticed a vine stalker
     4 | D:1      | Noticed a naga
     6 | D:1      | Noticed a demigod
     6 | D:1      | Noticed a dwarf
     8 | D:1      | Noticed a demonspawn
     8 | D:1      | Noticed a spriggan
    10 | D:1      | Noticed a halfling
    14 | D:1      | Noticed a felid
    14 | D:1      | Noticed a minotaur
    16 | D:1      | Noticed a merfolk
    16 | D:1      | Noticed a ghoul
    18 | D:1      | Noticed an octopode
    18 | D:1      | Noticed a troll
    20 | D:1      | Noticed a human
    20 | D:1      | Noticed an elf
    22 | D:1      | Noticed an ogre
    22 | D:1      | Noticed a tengu
    24 | D:1      | Noticed a vampire
    24 | D:1      | Noticed a draconian
    27 | D:1      | Noticed a gargoyle
   254 | D:1      | Reached XP level 2. HP: 11/19 MP: 1/5
   614 | D:1      | Killed from afar by a dart slug

Vault maps used:
D:1:      kb_arrival_jail, minmay_heptomino_l4

Action                   || total
-------------------------++-------
Melee: Unarmed           ||    48
 Cast: Pain              ||    33
  Use: Scroll            ||     2
 Stab: Sleeping          ||     1
Armor: Robe              ||    11
Dodge: Dodged            ||    41
